 Dungeon Crawl Stone Soup version bcrawl-1.37 (webtiles) character file.

Game seed: 3220476900428096139

142821 Axelsxxd the Skirmisher (level 2, -1/33 HPs)
             Began as an Ent Fighter on Oct 2, 2022.
             Slain by an ooze (3 damage)
             ... on level 2 of the Dungeon.
             The game lasted 00:01:36 (308 turns).

Axelsxxd the Skirmisher (Ent Fighter)                Turns: 308, Time: 00:01:36

Health: -1/33      AC:  9    Str: 23    XL:     2   Next: 65%
Magic:  2/2        EV:  7    Int:  8    God:
Gold:   18         SH:  8    Dex:  9    Spells: 1/1 levels left

rFire    . . .     GDR:     30% a - +0 flail
rCold    . . .     SeeInvis .   b - +0 medium shield
rNeg     + + +     Gourm    .   (armour unavailable)
rPois    +         Faith    .   (helmet restricted)
rElec    .         Spirit   .   (no cloak)
rCorr    .         Reflect  .   (gloves unavailable)
MR       .....                  (boots unavailable)
Stlth    +.........             (no amulet)
HPRegen  0.11/turn              (no ring)
MPRegen  0.08/turn              (no ring)

@: very slow
A: large, slow actions, passwall, strong branches, negative energy resistance 3,
poison resistance, slow metabolism 1, torment resistance, unbreathing, AC +9
a: Passwall


You were on level 2 of the Dungeon.
You were not hungry.

You visited 1 branch of the dungeon, and saw 2 of its levels.

You collected 18 gold pieces.

Inventory:

Hand Weapons
 a - a +0 flail (weapon)
Missiles
 h - a throwing net {=f}
Armour
 b - a +0 medium shield (worn)
Scrolls
 f - a scroll of remove curse {unknown}
Potions
 c - a potion of might
 g - a potion of resistance {unknown}
Comestibles
 e - a ration {!d}


   Skills:
 + Level 3.6 Fighting
 + Level 2.9 Maces & Flails
 + Level 2.9 Dodging
 + Level 2.6 Shields


You had one spell level left.
You didn't know any spells.
Your spell library was empty.

Dungeon Overview and Level Annotations

Branches:
Dungeon (2/12)

Altars:
Nemelex Xobeh


Innate Abilities, Weirdness & Mutations

You move and act slowly.
You can pass through walls and trees.
Your branches can wield two-handed weapons with a shield.
Your thick bark is tough. (AC +9)
You are too large for most types of armour.
You are immune to negative energy. (rN+++)
Your system is resistant to poisons. (rPois)
You have a slow metabolism.
You are immune to unholy pain and torment.
You can survive without breathing.


Message History

The ooze hits you.
* * * LOW HITPOINT WARNING * * *
The orc hits you with a +0 club.
* * * LOW HITPOINT WARNING * * *
The ooze hits you but does no damage. The orc hits you but does no damage.
The ooze jiggles.
You block the ooze's attack. The orc barely misses you. The ooze hits you.
* * * LOW HITPOINT WARNING * * *
You block the orc's attack. The ooze hits you but does no damage.
You block the orc's attack. The ooze barely misses you.
The orc hits you but does no damage. The ooze hits you but does no damage.
The orc hits you but does no damage. The ooze hits you.
* * * LOW HITPOINT WARNING * * *
The ooze hits you but does no damage. The orc barely misses you.
The ooze barely misses you. You block the orc's attack.
The ooze hits you but does no damage. You block the orc's attack.
You block the ooze's attack. The orc barely misses you. The ooze hits you.
You die...

.##.........##
#.##.##.###...
##.##......#.#
#......###...#
#.###.##.##..##
#.#...#...#...##
.########...####.####..#
$.........)##..#J#..##.#
.#####<.#..#...o@'._.#.#
#..#..##.##.##.##.#
........# #.#.###..#
..#..#.#.....#^.....#
..###..#.#..#.###.....#
. ........#.....#####
####.##########


You could see an ooze and an orc.

Vanquished Creatures
  2 dart slugs (D:1)
  A leopard gecko (D:1)
  A ball python (D:1)
  A bat (D:1)
  A goblin (D:2)
  A hobgoblin (D:1)
  3 jackals (D:1)
  2 kobolds (D:1)
  A frilled lizard (D:1)
  A rat (D:1)
14 creatures vanquished.

Notes
Turn   | Place    | Note
-------+----------+-------------------------------------------
     0 | D:1      | Axelsxxd the Ent Fighter began the quest for the Orb.
     0 | D:1      | Reached XP level 1. HP: 25/25 MP: 1/1
    57 | D:1      | Reached XP level 2. HP: 28/33 MP: 2/2
   246 | D:2      | Found a sparkling altar of Nemelex Xobeh.
   308 | D:2      | Slain by an ooze

Action                   || total
-------------------------++-------
Melee: Flail             ||    50
Armor: Skin              ||   125
Dodge: Dodged            ||    80
Block: Medium shield     ||   126
